 Dungeon Crawl Stone Soup version 0.27.1-34-g3ba077fa99 (console) character file.

Game seed: 6489485990779234154

26 Banquo the Skirmisher (level 3, -1/39 HPs)
             Began as a Djinni Chaos Knight on Jan 6, 2022.
             Was a Plaything of Xom.
             Slain by a harpy (shapeshifter) (10 damage)
             ... on level 2 of the Dungeon.
             The game lasted 00:02:44 (1089 turns).

Banquo the Skirmisher (Djinni Chaos Knight)         Turns: 1089, Time: 00:02:47

Health: -1/39      AC: 22    Str: 11    XL:     3   Next: 22%
Gold:   25         EV: 12    Int: 14    God:    Xom [..*...] SH:  0 Dex: 12

rFire    + + .     SeeInvis .   a - +0 short sword (chaos)
rCold    x . .     Faith    .   (no shield)
rNeg     + . .     Spirit   .   (armour currently unavailable)
rPois    ∞         Reflect  .   (no helmet)
rElec    +         Harm     .   (no cloak)
rCorr    .         Rampage  .   (gloves currently unavailable)
Will     .....                  (boots unavailable)
Stlth    +.........             (no amulet)
HPRegen  0.13/turn              (no ring)
MPRegen  0.00/turn              (no ring)

@: statue-form, flying, very slow
A: slow and powerful, torment resistance 1, flying, boosted hp, sickness
immunity, fire resistance 2, cold vulnerability 1, float, innate caster, hp
casting, extra vitality 1
a: Renounce Religion


You were on level 2 of the Dungeon.
You worshipped Xom.
You were a toy of Xom.
You were a living statue of rough stone.
You visited 1 branch of the dungeon, and saw 2 of its levels.

You collected 25 gold pieces.

Inventory:

Hand Weapons
 a - a +0 short sword of chaos (weapon)
 c - a +0 spear
Missiles
 f - 44 stones (quivered)
 i - 4 curare-tipped darts
Armour
 b - a +2 leather armour (melded)
Jewellery
 j - a ring of fire
Scrolls
 h - a scroll of identify {unknown}
 k - a scroll of enchant armour {unknown}
Potions
 d - a potion of curing {unknown}
 e - a potion of lignification {unknown}
 g - 2 potions of attraction {unknown}
 l - a potion of resistance {unknown}
 m - 3 potions of heal wounds {unknown}


   Skills:
 + Level 3.3 Fighting
 * Level 3.3 Short Blades
 * Level 1.3 Armour
 - Level 2.1 Dodging


You had one spell level left.
You knew the following spells:

 Your Spells              Type           Power      Damage    Failure   Level
a - Sandblast             Erth           0%         2d4       28%         1
Your spell library was empty.

Dungeon Overview and Level Annotations

Branches:
Dungeon (2/15)

Altars:


Innate Abilities, Weirdness & Mutations

You are a living statue of rough stone.
Your actions are slow, but your melee attacks are powerful.
You are resistant to unholy torment.
You are flying.
Your maximum health is greatly increased.
Your equipment is partially melded.
You are immune to sickness and miasma.
You are immune to poison.
Your flesh is very heat resistant. (rF++)
You are vulnerable to cold. (rC-)
You float through the air rather than walking.
You learn spells naturally, not from books.
Your magical power is your life essence.
You have superior vitality. (+4 HP)


Message History

The power to cast Sandblast wells up from within.
Spell assigned to 'a'.
You hit the orc. You drain the orc.
The orc is severely wounded.
The orc hits you with a +0 flail.
You hit the orc. You burn the orc.
You kill the orc!
You barely miss the orc. The orc hits you but does no damage.
You hit the orc.
You kill the orc!
The orc barely misses you.
Items here: ))) ††.
You barely miss the orc. The orc misses you.
You hit the orc.
The orc changes into a shapeshifter!
Xom thinks this is hilarious!
The shapeshifter is moderately wounded.
Xom's power flows through you!
You turn into a living statue of rough stone.
Your +2 leather armour melds into your body.
The shapeshifter changes into a harpy!
You hit the harpy. You freeze the harpy.
The harpy is lightly wounded.
The harpy claws you. The harpy claws you!
You closely miss the orc. The orc barely misses you.
You puncture the orc!
You kill the orc!
The harpy claws you. The harpy barely misses you. x2
The harpy closely misses you.
You hit the harpy. You freeze the harpy.
The harpy is moderately wounded.
The harpy misses you. The harpy barely misses you.
You completely miss the harpy.
The harpy is lightly wounded.
The harpy claws you but does no damage. The harpy closely misses you.
The harpy barely misses you. The harpy claws you!
* * * LOW HITPOINT WARNING * * *
You emit a cloud of colourful smoke!
The harpy claws you!
You die...
Xom howls with laughter!

........##...>..............
#.#####.##.............#...#
......#..#.............##..#
......##.....###.<......#.##
...........#####..[...#...#
#
......####..........####.###
.# ......#
#......#...........# #..
......#
#.....§###.........###..#
......#
#......§8H§..............
......#
#.....§####.#####........
......# #......#
#..###......... ......#
######## ##...#..........
......# ###.o8.#$8.o......
......# #...o..#$.oo......
......# #.....###..#####..
......# #>...#####..# .#
#.......oo..## .#


You could see a harpy shaped shifter.

Vanquished Creatures
  A dart slug (D:2)
  3 orcs (D:2)
  A ball python (D:2)
  An endoplasm (D:1)
  A giant cockroach (D:2)
  2 goblins
  A hobgoblin (D:2)
  5 kobolds
  A quokka (D:1)
  2 bats (D:1)
  A frilled lizard (D:1)
  A rat (D:2)
20 creatures vanquished.

Vanquished Creatures (others)
  4 fungi (D:2)
  6 plants (D:2)
10 creatures vanquished.

Grand Total: 30 creatures vanquished

Notes
Turn   | Place    | Note
-------+----------+-------------------------------------------
     0 | D:1      | Banquo the Djinni Chaos Knight began the quest for the Orb.
     0 | D:1      | Reached XP level 1. HP: 20/20 MP: 0/0
   530 | D:1      | Reached XP level 2. HP: 25/25 MP: 0/0
   578 | D:1      | XOM: silly message
  1078 | D:2      | Reached XP level 3. HP: 26/30 MP: 0/0
  1078 | D:2      | Learned a level 1 spell: Sandblast
  1084 | D:2      | Noticed a shapeshifter
  1084 | D:2      | an orc changed into a shapeshifter
  1084 | D:2      | XOM: cast spell 'Statue Form'
  1084 | D:2      | Noticed a harpy
  1084 | D:2      | a shapeshifter changed into a harpy
  1089 | D:2      | XOM: smoke on damage
  1089 | D:2      | Slain by a harpy (shapeshifter)

Illustrated notes

Levels and vault maps discovered:
D:1:      zelgadis_glass_arrival_small, layout_loops_ring
D:2:      layout_rooms, shapermc_ecumenical_altar_mp_urbaneastern,
          mrwooster_statue_mirror, minmay_pentomino_q4, uniq_crazy_yiuf_cottage

Skill      XL: |  1  2 |
---------------+-------+-----
Short Blades   | 3 |  3.3
Fighting       | |  3.3
Armour         | |  1.3
Dodging        | |  2.1

Action                   || total
-------------------------++-------
Melee: Short sword       ||    67
 Stab: Paralysed         ||     1
Armor: Leather armour    ||    22
       Skin              ||     1
Dodge: Dodged            ||    39
